 Dungeon Crawl Stone Soup version 0.26.1-16-g4e020e15dc (webtiles) character file.

Game seed: 4462198417039342412

1747536 Froggeryz the Octopoid Barricade (level 27, 301/301 HPs)
             Began as an Octopode Berserker on Feb 9, 2024.
             Was a High Priest of Trog.
             Escaped with the Orb
             ... and 3 runes on Feb 11, 2024!
             The game lasted 02:15:26 (72098 turns).

Froggeryz the Octopoid Barricade (OpBe)            Turns: 72098, Time: 02:15:27

Health: 301/301    AC:  5    Str: 29    XL:     27
Magic:  10/10      EV: 43    Int:  8    God:    Trog [*****.]
Gold:   5762       SH: 31    Dex: 28    Spells: 26/26 levels left

rFire    + + +     SeeInvis +   o - +9 quick blade (antimagic)
rCold    + + +     Faith    .   Q - +5 kite shield {rC+ rF+}
rNeg     + . .     Spirit   .   F - +3 hat of Leapfrog {rC+ Regen+ Dex-3 SInv}
rPois    +         Reflect  +   i - amulet "Iloeni" {Reflect rF+ Int-2 Dex+3 SH+5}
rElec    +         Harm     .   U - ring of Juytat {rF++ rC+ Str+6}
rCorr    +         Rampage  .   N - ring of Bug Hyig {+Blink rPois rF+ Stlth+}
Will     +++..                  t - +4 ring of slaying
Stlth    ..........             R - +4 ring of evasion
HPRegen  1.00/turn              p - ring of willpower
MPRegen  0.12/turn              z - ring of Wonder {*Corrode rElec rC+ rN+ Str+3}
                                L - +6 ring of dexterity
                                l - ring of Focsymn {rPois MP+9 Dex+2 Slay+3}

@: mighty, berserking, resistant, flying, very slightly contaminated, hasted,
studying Invocations, invisible, very quick
A: almost no armour, stealthy swim, amphibious, 8 rings, constrict 8, camouflage
1, cold resistance 1, frail 1, shaggy fur 1, wild magic 1, gelatinous body 1
0: Orb of Zot
}: 3/15 runes: decaying, silver, gossamer
a: Renounce Religion, Evoke Blink, Berserk, Trog's Hand, Brothers in Arms


You escaped.
You worshipped Trog.
Trog was extremely pleased with you.
You visited 9 branches of the dungeon, and saw 49 of its levels.
You visited the Abyss 2 times.
You visited 1 bazaar.
You also visited: Bailey and Ice Cave.

You collected 8406 gold pieces.
You spent 2644 gold pieces at shops.

Inventory:

Hand Weapons
 o - a +9 antimagic quick blade (weapon)
 M - a +9 antimagic quick blade
Missiles
 n - 3 silver boomerangs
 s - 10 javelins
 x - 16 boomerangs (quivered)
 y - 22 silver javelins
 B - 20 curare-tipped darts
Armour
 F - the +3 hat of Leapfrog (worn) {rC+ Regen+ Dex-3 SInv}
   (You acquired it in a bailey)

   It affects your dexterity (-3).
   It protects you from cold.
   It lets you see invisible.
   It increases your rate of regeneration.
 Q - a +5 kite shield of resistance (worn)
Jewellery
 i - the amulet "Iloeni" (around mantle) {Reflect rF+ Int-2 Dex+3 SH+5}
   (You found it on level 6 of the Lair of Beasts)

   [amulet of reflection]

   It shields you and reflects attacks.
   It affects your intelligence (-2).
   It affects your dexterity (+3).
   It protects you from fire.
   It affects your SH (+5).
 l - the ring of Focsymn (on tentacle) {rPois MP+9 Dex+2 Slay+3}
   (You acquired it on level 2 of the Lair of Beasts)

   [ring of magical power]

   It affects your dexterity (+2).
   It affects your accuracy and damage with ranged weapons and melee attacks
   (+3).
   It protects you from poison.
   It affects your magic capacity (+9).
 m - the ring of Shadows {Umbra +Inv Stlth+}
   (You took it off a deep elf mage on level 5 of the Vaults)

   [ring of stealth]

   It lets you turn invisible.
   It makes you more stealthy.
 p - a ring of willpower (on tentacle)
 t - a +4 ring of slaying (on tentacle)
 z - the ring of Wonder (on tentacle) {*Corrode rElec rC+ rN+ Str+3}
   (You took it off a deep elf mage on level 3 of the Elven Halls)

   [ring of protection from cold]

   It affects your strength (+3).
   It protects you from cold.
   It insulates you from electricity.
   It protects you from negative energy.
   It may corrode you when you take damage.
 L - a +6 ring of dexterity (on tentacle)
 N - the ring of Bug Hyig (right tentacle) {+Blink rPois rF+ Stlth+}
   (You found it on level 5 of the Vaults)

   [ring of poison resistance]

   It protects you from fire.
   It protects you from poison.
   It lets you blink.
   It makes you more stealthy.
 R - a +4 ring of evasion (on tentacle)
 S - an uncursed ring of resist corrosion
 U - the ring of Juytat (left tentacle) {rF++ rC+ Str+6}
   (You acquired it on level 4 of the Swamp)

   [ring of strength]

   It affects your strength (+6).
   It greatly protects you from fire.
   It protects you from cold.
Wands
 q - a wand of flame (54)
 u - a wand of disintegration (41)
 K - a wand of enslavement (9)
 O - a wand of iceblast (78)
 W - a wand of digging (20)
 X - a wand of acid (42)
Scrolls
 b - 5 scrolls of fog
 c - 9 scrolls of identify
 d - 15 scrolls of teleportation
 f - 5 scrolls of summoning
 g - 26 scrolls of remove curse
 j - 10 scrolls of magic mapping
 A - 4 scrolls of enchant armour
 C - 3 scrolls of blinking
 D - 7 scrolls of immolation
 P - 2 scrolls of fear
 Z - 2 scrolls of silence
Potions
 a - 6 potions of cancellation
 h - 17 potions of curing
 k - 9 potions of heal wounds
 v - 8 potions of might
 w - 6 potions of resistance
 E - 10 potions of ambrosia
 G - 9 potions of haste
 I - 5 potions of flight
 J - 5 potions of mutation
 T - a potion of invisibility
Books
 r - a manual of Invocations
Miscellaneous
 H - a phial of floods
 V - a condenser vane
 Y - a phantom mirror


   Skills:
 O Level 27 Fighting
 + Level 16.1 Short Blades
 + Level 16.1 Throwing
 O Level 27 Dodging
 - Level 10.1 Stealth
 O Level 27 Shields
 - Level 8.0 Evocations


You had 26 spell levels left.
You didn't know any spells.
Your spell library contained the following spells:

 Spells                   Type           Power        Failure   Level
 Animate Skeleton         Necr           0%           50%         1
 Apportation              Tloc           0%           50%         1
 Corona                   Hex            0%           50%         1
 Freeze                   Ice            0%           50%         1
 Shock                    Conj/Air       0%           50%         1
 Summon Small Mammal      Summ           0%           50%         1
 Blink                    Tloc           N/A          63%         2
 Call Imp                 Summ           0%           63%         2
 Corpse Rot               Necr/Air       N/A          63%         2
 Ensorcelled Hibernation  Hex/Ice        0%           63%         2
 Poisonous Vapours        Pois/Air       0%           63%         2
 Swiftness                Air            0%           63%         2
 Call Canine Familiar     Summ           0%           85%         3
 Conjure Flame            Conj/Fire      0%           85%         3
 Dazzling Flash           Conj/Hex       0%           85%         3
 Ignite Poison            Fire/Tmut/Pois 0%           85%         3
 Inner Flame              Hex/Fire       0%           85%         3
 Portal Projectile        Hex/Tloc       0%           85%         3
 Static Discharge         Conj/Air       0%           85%         3
 Summon Guardian Golem    Hex/Summ       0%           85%         3
 Airstrike                Air            0%           99%         4
 Ice Form                 Ice/Tmut       0%           99%         4
 Sticky Flame             Conj/Fire      0%           99%         4
 Summon Ice Beast         Ice/Summ       0%           99%         4
 Summon Lightning Spire   Summ/Air       0%           99%         4
 Bolt of Magma            Conj/Fire/Erth 0%           100%        5
 Borgnjor's Vile Clutch   Necr/Erth      0%           100%        5
 Fireball                 Conj/Fire      0%           100%        5
 Lightning Bolt           Conj/Air       0%           100%        5
 Metabolic Englaciation   Hex/Ice        0%           100%        5
 Silence                  Hex/Air        0%           100%        5
 Summon Mana Viper        Hex/Summ       0%           100%        5
 Yara's Violent Unravell  Hex/Tmut       0%           100%        5
 Conjure Ball Lightning   Conj/Air       0%           100%        6
 Freezing Cloud           Conj/Ice/Air   0%           100%        6
 Invisibility             Hex            0%           100%        6
 Ozocubu's Refrigeration  Ice            0%           100%        6
 Shadow Creatures         Summ           N/A          100%        6
 Simulacrum               Ice/Necr       0%           100%        6
 Starburst                Conj/Fire      0%           100%        6
 Haunt                    Necr/Summ      0%           100%        7
 Malign Gateway           Summ/Tloc      0%           100%        7
 Borgnjor's Revivificati  Necr           0%           100%        8
 Ignition                 Fire           0%           100%        8
 Infestation              Necr           0%           100%        8
 Necromutation            Tmut/Necr      0%           100%        8
 Death's Door             Necr           0%           100%        9
 Shatter                  Erth           0%           100%        9
 Tornado                  Air            0%           100%        9


Dungeon Overview and Level Annotations

Branches:
Dungeon (15/15)            Temple (0/1) D:6            Lair (6/6) D:9
  Swamp (4/4) Lair:2       Spider (4/4) Lair:2        Slime (0/5) Lair:6
    Orc (2/2) D:9             Elf (3/3) Orc:2        Vaults (5/5) D:14
  Crypt (0/3) Vaults:2     Depths (5/5) D:15            Zot (5/5) Depths:5
 Bailey (visited)           IceCv (visited)

Altars:
Ashenzari
Cheibriados
Fedhas
Gozag
Hepliaklqana
Kikubaaqudgha
Nemelex Xobeh
Sif Muna
Trog
Vehumet
Beogh

Shops:
D:7 }   D:15 (   Orc:2 }***   Elf:2 ?   Depths:4 [:![

Portals:
Hell: Depths:1 Depths:2 Depths:3 Depths:4 Depths:5
Abyss: Depths:4
Pandemonium: Depths:3
Ziggurat: Depths:2

Annotations:
Elf:2 2 transporters, Zixta's ghost, adept GnWn


Innate Abilities, Weirdness & Mutations

You cannot wear most types of armour.
You are very stealthy in the water. (Stealth+)
You are amphibious.
You can wear up to eight rings at the same time.
You can use your tentacles to constrict eight enemies at once.
Your skin changes colour to match your surroundings (Stealth+).
Your rubbery body absorbs attacks. (AC +1, EV +1)
Your flesh is cold resistant. (rC+)
You are frail. (-10% HP)
You are covered in fur. (AC +1)
Your spells are a little harder to cast, but a little more powerful.


Message History

You puncture the Orb Guardian! You squeeze the Orb Guardian!
The Orb Guardian is almost dead.
You puncture the Orb Guardian!
You kill the Orb Guardian!
Trog accepts your kill.
A red devil comes into view. It is wielding a +0 trident.
There is an open door here.
There is a staircase leading out of the dungeon here.
You feel yourself speed up.
You fade into invisibility!
You are very lightly contaminated with residual magic.
You feel very mighty all of a sudden.
You feel protected.
You feel very buoyant.
You fly up into the air.
Okay, then.
A red film seems to cover your vision as you go berserk!
You feel yourself moving faster!
You feel mighty!
You feel a strong urge to attack something.
You have escaped!

#..# #..........
#####'######..#####.#.
#.........##..# #...#.
##.........##..#
#.###.
#8.........8#..# #.#
#. #...8...8...#..#
#.# #.
#8.........8#..# #.#
#. ##.........##..#
#.# #. ####8@8#####..#
#.# ## ##### #### #.#
#.#### #..... ######


There were no monsters in sight!

Vanquished Creatures
  Tiamat (Zot:3)
  6 orbs of fire
  Mennas (Depths:5)
  A juggernaut (Zot:4)
  6 ancient liches
  Boris (Vaults:2)
  8 Killer Klowns
  3 caustic shrikes (Depths:3)
  A curse toe (Zot:4)
  Nikola (Spider:2)
  2 bone dragons
  The ghost of TPoD the Slayer, an adept HOMo of Beogh (Vaults:2)
  14 golden dragons
  Arachne (Spider:2)
  A Brimstone Fiend (D:12)
  3 electric golems
  Rupert (D:14)
  Jorgrun (Swamp:3)
  21 tentacled monstrosities
  27 Orb Guardians
  11 liches
  2 deep elf blademasters (Elf:3)
  2 deep elf master archers (Elf:3)
  8 quicksilver dragons
  A quicksilver dragon (shapeshifter) (Vaults:4)
  6 titans
  A tentacled starspawn (Abyss:3)
  Frances (Swamp:1)
  5 tengu reavers
  14 storm dragons
  Gastronok (Lair:1)
  14 death cobs
  9 draconian monks
  2 thorn hunters (Depths:4)
  4 sphinxes
  The ghost of Nuqinleag the Devastator, an adept GrEE of Vehumet (Spider:4)
  11 shadow dragons
  A storm dragon (shapeshifter) (Depths:4)
  The ghost of grothendieck the Severer, an adept GrFi of Gozag (D:15)
  10 frost giants
  The ghost of Aroozuypt the Unseen, an adept KoEn of Dithmenos (Elf:1)
  14 fire giants
  5 draconian knights
  12 vault wardens
  7 deep elf sorcerers
  An iron dragon (Elf:1)
  Aizul (Spider:4)
  7 draconian annihilators
  4 emperor scorpions
  9 draconian scorchers
  9 ghost moths
  5 deep elf elementalists
  5 draconian shifters
  3 spriggan defenders
  A war gargoyle (Vaults:5)
  12 ironheart preservers
  5 draconian stormcallers
  33 stone giants
  6 vampire knights
  14 very ugly things
  15 black draconians
  10 green draconians
  16 deep elf demonologists
  5 entropy weavers
  13 white draconians
  13 red draconians
  13 yellow draconians
  16 spark wasps
  An entropy weaver (shapeshifter) (Vaults:1)
  11 deep elf annihilators
  A dire elephant (Lair:6)
  14 purple draconians
  6 bunyips
  A lorocyproca (D:10)
  The ghost of Ykulaeti the Grappler, a journeyman TrTm of Dithmenos (Orc:1)
  18 ettins
  A merfolk javelineer (Depths:3)
  A green death (D:7)
  10 deep elf death magi
  3 eleionomae
  Josephine (D:14)
  A merfolk impaler (Depths:1)
  16 fire dragons
  A shambling mangrove (Swamp:1)
  20 ogre magi
  11 great orbs of eyes
  Fannar (Lair:1)
  21 yaktaur captains
  Erolcha (D:12)
  6 deep elf high priests
  8 rakshasas
  11 boulder beetles
  2 catoblepae
  31 hydras
  2 hell beasts
  10 spriggan air magi
  10 ice dragons
  24 vault guards
  A ghost crab (Swamp:1)
  9 centaur warriors
  3 death knights
  7 deep troll shamans
  57 two-headed ogres
  9 tengu warriors
  8 death scarabs (Spider:4)
  A vampire mage (Depths:3)
  8 deep troll earth magi
  4 alligators
  8 death yaks
  The ghost of TangoThomas the Envoy of Void, a novice DsAK of Lugonu (D:8)
  27 dancing weapons
  3 thrashing horrors (Abyss:3)
  Urug (Lair:4)
  An orc high priest (Orc:1)
  A shock serpent (shapeshifter) (Elf:1)
  20 hell knights
  20 deep elf knights
  7 spriggan berserkers
  Nergalle (Orc:1)
  2 spectral emperor scorpions (Spider:4)
  9 skeletal warriors
  3 iron trolls
  2 shadow wraiths
  A deep troll (shapeshifter) (Depths:3)
  A salamander mystic (Depths:5)
  2 goliath frogs
  23 deep trolls
  3 glowing orange brains
  A glowing orange brain (shapeshifter) (Vaults:1)
  7 unseen horrors
  4 bog bodies
  2 spriggan druids
  A death drake (shapeshifter) (D:14)
  10 phantasmal warriors
  A shadow demon (D:12)
  3 flayed ghosts
  10 swamp dragons
  23 deep elf archers
  9 wizards
  Pikel (D:8)
  15 necromancers
  17 ironbrand convokers
  8 orc knights
  2 spectral wolf spiders (Spider:4)
  16 orb spiders
  A harpy (shapeshifter) (D:14)
  A tengu skeleton (Vaults:2)
  10 will-o-the-wisps
  7 oklob plants
  35 ugly things
  A mana viper (shapeshifter) (Depths:5)
  31 wolf spiders
  68 deep elf magi
  9 orc sorcerers
  3 cyclopes
  A human zombie (Vaults:3)
  3 wolf spider zombies
  16 elephants
  38 moths of wrath
  5 salamanders
  2 sphinx skeletons
  A rust devil (Depths:3)
  A worldbinder (Abyss:3)
  Joseph (D:7)
  A frost giant skeleton (Vaults:2)
  4 centaur zombies
  12 vault sentinels
  A water nymph (shapeshifter) (Depths:3)
  A fire giant skeleton (Vaults:2)
  A black mamba (shapeshifter) (Depths:2)
  8 black mambas
  2 naga magi (D:15)
  3 molten gargoyles (Depths:4)
  2 smoke demons (Abyss:3)
  A kobold demonologist (D:15)
  A gargoyle (D:15)
  An ice statue (IceCv)
  19 cane toads
  15 freezing wraiths
  5 rime drakes
  2 spectral redbacks (Spider:4)
  3 yaktaur zombies
  8 large abominations (Abyss:3)
  A torpor snail (Lair:4)
  9 komodo dragons
  A redback zombie (Spider:4)
  20 demonic crawlers
  2 hellions (Zot:1)
  4 efreet
  A yaktaur (shapeshifter) (Vaults:1)
  47 yaktaurs
  2 tengu conjurers
  3 ancient zymes (Abyss:3)
  50 jumping spiders
  A bloated husk (Swamp:2)
  A silent spectre (Vaults:3)
  20 polar bears
  7 trolls
  3 meliai (Spider:2)
  27 hornets
  3 wind drakes (Depths:4)
  2 harpy skeletons
  A merfolk (shapeshifter) (Vaults:5)
  25 slime creatures
  A wolf spider simulacrum (D:15)
  5 spectral jumping spiders (Spider:4)
  A spectral tarantella (Spider:4)
  11 tyrant leeches
  A stone giant simulacrum (Vaults:1)
  A snapping turtle (shapeshifter) (Vaults:3)
  3 jumping spider zombies (Spider:4)
  18 blink frogs
  6 dream sheep (Lair:6)
  Prince Ribbit (D:7)
  7 air elementals
  68 redbacks
  2 ettin skeletons (Vaults:2)
  A ynoxinul (Abyss:3)
  4 wraiths
  14 spriggans
  25 tarantellas
  14 water elementals
  A spriggan (shapeshifter) (Vaults:1)
  6 basilisks
  69 yaks
  2 wyverns
  A neqoxec (Abyss:3)
  10 fire elementals
  A chaos spawn (Abyss:3)
  2 steam dragons
  6 vampire mosquitoes
  2 elf skeletons
  16 swamp worms
  9 wargs
  An acid dragon (shapeshifter) (Depths:2)
  7 acid dragons
  2 soldier ants (shapeshifter)
  4 soldier ants (D:9)
  18 water moccasins
  A floating eye (shapeshifter) (Vaults:4)
  A hell hound (Depths:3)
  A floating eye (Depths:3)
  33 orc warriors
  A spectral hornet (Spider:4)
  8 swamp drakes
  A black bear (shapeshifter) (D:13)
  A deep troll skeleton (Vaults:2)
  3 phantoms
  3 sky beasts
  10 ice beasts
  2 black bears
  A hornet zombie (D:12)
  2 necrophages
  2 eyes of draining
  An elf zombie (Vaults:1)
  17 centaurs
  An ogre (shapeshifter) (Vaults:5)
  9 boggarts
  39 ogres
  39 wolves
  A small abomination (Abyss:3)
  3 lemures (D:8)
  21 big kobolds
  23 bullfrogs
  4 gnoll sergeants
  A wyvern zombie (D:8)
  9 earth elementals
  A water moccasin zombie (D:11)
  4 yaktaur skeletons
  A hornet simulacrum (D:15)
  2 scorpions (D:7)
  8 killer bees (D:9)
  18 wights
  4 electric eels
  6 jellies
  3 howler monkeys
  A crimson imp (Depths:4)
  5 bullfrog zombies
  A human simulacrum (Vaults:3)
  10 hounds
  2 quasits
  An iron imp (Depths:2)
  2 bullfrog skeletons
  17 orc priests
  6 centaur skeletons
  2 gnoll shamans
  17 human skeletons (Vaults:2)
  5 iguanas
  Terence (D:3)
  45 orc wizards
  13 worker ants
  2 lightning spires (Swamp:2)
  A killer bee zombie (D:9)
  2 yak simulacra (D:12)
  A polar bear simulacrum (D:12)
  2 wolf simulacra (D:12)
  3 hound skeletons
  2 howler monkey zombies
  22 adders
  14 gnolls
  4 white imps
  An ufetubus (Depths:3)
  An ooze (D:2)
  An adder skeleton (D:7)
  3 worms
  3 dart slugs (D:1)
  6 leopard geckos
  114 orcs
  2 ball pythons (D:6)
  11 giant cockroaches
  5 goblins
  7 hobgoblins
  5 jackals
  32 kobolds
  3 quokkas
  12 bats
  6 frilled lizards
  A giant cockroach zombie (D:6)
  A jackal skeleton (D:8)
  A leopard gecko skeleton (D:7)
  A quokka skeleton (D:5)
  A quokka zombie (D:10)
  4 rats
  6 river rat simulacra (D:12)
  A briar patch (Depths:4)
  4 crawling corpses
  3 fire vortices (Depths:4)
2674 creatures vanquished.

Vanquished Creatures (collateral kills)
  An ancient lich (Vaults:2)
  A Killer Klown (Zot:4)
  the Lernaean hydra (Swamp:4)
  A tentacled monstrosity (Zot:4)
  A storm dragon (Zot:4)
  A yellow draconian (Zot:4)
  A red draconian (Zot:1)
  A hydra (Swamp:4)
  4 hell knights (Depths:3)
  A swamp dragon (Swamp:4)
  A necromancer (Depths:3)
14 creatures vanquished.

Vanquished Creatures (others)
  Asterion (Spider:4)
  A draconian knight (Zot:5)
  2 ghost moths
  A draconian annihilator (Zot:4)
  A deep elf demonologist (Vaults:3)
  A crystal guardian (Vaults:5)
  A vault guard (Vaults:5)
  A deep troll earth mage (Vaults:3)
  A deep elf knight (Elf:1)
  2 moths of wrath (Vaults:3)
  A yaktaur (Depths:3)
  2 bloated husks
  2 yaks (IceCv)
  A spriggan (Swamp:3)
  An ogre (Vaults:5)
  A wolf (IceCv)
  A boggart (Depths:3)
  An orc wizard (Elf:1)
  4 orcs (Elf:1)
  2 ball lightnings (Swamp:2)
  2 briar patches (Depths:4)
  18 foxfires
  35 fungi
  79 plants
162 creatures vanquished.

Grand Total: 2850 creatures vanquished

Notes
Turn   | Place    | Note
-------+----------+-------------------------------------------
     0 | D:1      | Froggeryz the Octopode Berserker began the quest for the
                  | Orb.
     0 | D:1      | Reached XP level 1. HP: 16/16 MP: 1/1
    55 | D:1      | Reached XP level 2. HP: 21/21 MP: 2/2
   426 | D:1      | Reached XP level 3. HP: 23/26 MP: 3/3
   980 | D:1      | Reached ** piety under Trog
  1465 | D:2      | Reached XP level 4. HP: 32/32 MP: 4/4
  2047 | D:2      | Found an opulent altar of Gozag.
  2047 | D:2      | Found a blossoming altar of Fedhas.
  2304 | D:3      | Noticed Terence
  2311 | D:3      | Killed Terence
  2449 | D:3      | Reached XP level 5. HP: 37/37 MP: 5/5
  2734 | D:3      | Reached skill level 5 in Short Blades
  3186 | D:4      | Reached XP level 6. HP: 42/43 MP: 6/6
  3252 | D:4      | Reached *** piety under Trog
  3457 | D:4      | Found an ancient bone altar of Kikubaaqudgha.
  3490 | D:4      | HP: 2/41 [something (1)]
  4035 | D:4      | Found a bloodstained altar of Trog.
  4171 | D:4      | Found a bloodstained altar of Trog.
  4190 | D:5      | Entered Level 5 of the Dungeon
  4206 | D:5      | Reached XP level 7. HP: 41/49 MP: 7/7
  4372 | D:5      | Found a broken altar of Ashenzari.
  4575 | D:5      | Reached skill level 5 in Fighting
  4911 | D:5      | Reached skill level 1 in Stealth
  4911 | D:5      | Reached XP level 8. HP: 52/55 MP: 8/8
  5050 | D:5      | Reached skill level 5 in Dodging
  5207 | D:5      | Found a snail-covered altar of Cheibriados.
  5288 | D:6      | Found a sparkling altar of Nemelex Xobeh.
  5322 | D:6      | Reached **** piety under Trog
  5726 | D:6      | Reached skill level 1 in Shields
  5732 | D:6      | Found a staircase to the Ecumenical Temple.
  6660 | D:7      | Reached XP level 9. HP: 55/62 MP: 9/9
  6779 | D:7      | Noticed Joseph
  7064 | D:7      | Killed Joseph
  7516 | D:7      | Reached skill level 5 in Stealth
  7527 | D:7      | Found Lohit's Gadget Boutique.
  7723 | D:7      | Noticed Prince Ribbit
  7728 | D:7      | Killed Prince Ribbit
  7996 | D:8      | Reached ***** piety under Trog
  8104 | D:8      | You fall into a shaft and drop 1 floor!
  8173 | D:9      | Reached XP level 10. HP: 69/69 MP: 10/10
  8518 | D:8      | Received a gift from Trog
  8833 | D:8      | Found a runed translucent gate.
  8834 | D:8      | Found a runed translucent gate.
  8834 | D:8      | Found a runed translucent gate.
  8835 | D:8      | Identified the +9 short sword "Beis" {pain, Will+++ MP+9
                  | Str+3 Dex-2}
  8835 | D:8      | Noticed TangoThomas's ghost (novice DsAK)
  8898 | D:8      | Reached skill level 10 in Short Blades
  9170 | D:8      | Noticed Pikel
  9188 | D:8      | Killed Pikel
  9599 | D:8      | Killed TangoThomas's ghost
  9873 | D:9      | Found a runed translucent door.
  9893 | D:9      | Found a hazy altar of Hepliaklqana.
  9915 | D:9      | Found a staircase to the Lair.
  9983 | D:9      | Found a runed translucent door.
  9986 | D:9      | Found a runed translucent gate.
  9987 | D:9      | Found a runed translucent gate.
  9994 | D:9      | Found a runed translucent gate.
 10012 | D:9      | Found the +9 staff of Olgreb {rPois∞}
 10015 | D:9      | Reached XP level 11. HP: 77/77 MP: 11/11
 10139 | D:9      | Found a staircase to the Orcish Mines.
 10146 | D:9      | Reached skill level 1 in Throwing
 11036 | D:9      | Received a gift from Trog
 11167 | D:10     | Entered Level 10 of the Dungeon
 11303 | D:10     | Paralysed by a hornet for 1 turns
 11440 | D:10     | Found a shimmering blue altar of Sif Muna.
 11525 | D:10     | Found a flagged portal.
 11553 | Bailey   | Entered a bailey
 12439 | Bailey   | Noticed an orc knight
 12507 | Bailey   | Killed an orc knight
 12508 | Bailey   | Reached skill level 10 in Stealth
 12597 | Bailey   | Identified a scroll of acquirement
 12598 | Bailey   | Acquired the +3 hat of Leapfrog {rC+ Regen+ Dex-3 SInv}
 12679 | D:10     | Noticed a boulder beetle
 12712 | D:10     | Killed a boulder beetle
 12934 | D:10     | Noticed an unseen horror
 12936 | D:10     | Killed an unseen horror
 12937 | D:10     | Reached XP level 12. HP: 87/87 MP: 12/12
 13533 | D:11     | Noticed a four-headed hydra
 13541 | D:11     | Killed a four-headed hydra
 13542 | D:11     | Reached skill level 10 in Fighting
 13822 | D:11     | Reached skill level 5 in Throwing
 13914 | D:11     | Noticed a boulder beetle
 13932 | D:11     | Killed a boulder beetle
 14197 | D:12     | Found a frozen archway.
 14258 | D:12     | Received a gift from Trog
 14281 | IceCv    | Entered an ice cave
 14814 | IceCv    | Noticed a death yak
 14895 | IceCv    | Killed a death yak
 14896 | IceCv    | Reached skill level 10 in Dodging
 14896 | IceCv    | Reached XP level 13. HP: 63/96 MP: 13/13
 15010 | IceCv    | Noticed a white draconian
 15045 | IceCv    | Killed a white draconian
 15274 | D:12     | Noticed Erolcha
 15301 | D:12     | Killed Erolcha
 15432 | D:12     | Reached ****** piety under Trog
 16284 | D:12     | Noticed a fire dragon
 16288 | D:12     | Noticed an ogre mage
 16441 | D:12     | Killed a fire dragon
 16442 | D:12     | Reached skill level 5 in Shields
 16442 | D:12     | Reached skill level 1 in Evocations
 16544 | D:12     | Killed an ogre mage
 16544 | D:12     | Received a gift from Trog
 16768 | D:12     | Noticed a yaktaur captain
 16768 | D:12     | Noticed a fire giant
 16838 | D:12     | Killed a fire giant
 16929 | D:12     | Noticed a sphinx
 16932 | D:12     | Noticed a fire dragon
 16937 | D:12     | Killed a sphinx
 16945 | D:12     | Killed a fire dragon
 17024 | D:12     | Killed a yaktaur captain
 17178 | D:13     | Reached XP level 14. HP: 106/106 MP: 4/14
 17394 | D:13     | Identified the Incunabulum of Sand
 17424 | D:13     | You fall into a shaft and drop 2 floors!
 17424 | D:15     | Entered Level 15 of the Dungeon
 17821 | D:13     | Reached skill level 10 in Shields
 17982 | D:13     | Identified the Catalogue of Dhcmrlchtdj
 18077 | D:14     | Received a gift from Trog
 18223 | D:13     | Reached skill level 5 in Evocations
 18624 | D:14     | Noticed Josephine
 18632 | D:14     | Killed Josephine
 18995 | D:14     | Noticed Rupert
 19155 | D:14     | Reached XP level 15. HP: 96/114 MP: 5/15
 19220 | D:14     | Killed Rupert
 19633 | D:14     | Found a gate to the Vaults.
 19888 | Lair:1   | Entered Level 1 of the Lair of Beasts
 20075 | Lair:1   | Noticed Gastronok
 20082 | Lair:1   | Killed Gastronok
 20305 | Lair:1   | Noticed Fannar
 20320 | Lair:1   | Killed Fannar
 21005 | Lair:2   | Reached skill level 15 in Fighting
 21240 | Lair:2   | Received a gift from Trog
 21851 | Lair:2   | Found a hole to the Spider Nest.
 21906 | Lair:2   | Found a staircase to the Swamp.
 22148 | Lair:2   | Acquired the ring of Focsymn {rPois MP+9 Dex+2 Slay+3}
 22797 | Lair:3   | Reached skill level 15 in Shields
 23423 | Lair:4   | Reached XP level 16. HP: 121/122 MP: 8/16
 23425 | Lair:4   | Noticed Urug
 23442 | Lair:4   | Killed Urug
 23792 | Lair:4   | Received a gift from Trog
 25152 | Lair:5   | Found an opulent altar of Gozag.
 25294 | Lair:6   | Entered Level 6 of the Lair of Beasts
 25651 | Lair:6   | Found a staircase to the Slime Pits.
 25836 | Lair:6   | Received a gift from Trog
 26028 | Lair:6   | Found the +27 Lear's hauberk
 26035 | Lair:6   | Got a brightly glowing bronze amulet
 27265 | Orc:1    | Entered Level 1 of the Orcish Mines
 27286 | Orc:1    | Noticed Nergalle
 27293 | Orc:1    | Killed Nergalle
 27393 | Orc:1    | Found a runed translucent door.
 27393 | Orc:1    | Noticed Ykulaeti's ghost (journeyman TrTm)
 27448 | Orc:1    | Found a roughly hewn altar of Beogh.
 27494 | Orc:1    | Killed Ykulaeti's ghost
 27597 | Orc:2    | Entered Level 2 of the Orcish Mines
 27607 | Orc:2    | Found a staircase to the Elven Halls.
 27780 | Orc:2    | Reached XP level 17. HP: 124/129 MP: 8/17
 27811 | Orc:2    | Found Anourih's Assorted Antiques.
 27811 | Orc:2    | Found Pyleuz's General Store.
 27818 | Orc:2    | Bought a brown potion for 24 gold pieces
 27818 | Orc:2    | Bought a bubbling golden potion for 24 gold pieces
 27884 | Orc:2    | Bought a scroll of identify for 22 gold pieces
 27919 | Orc:2    | Found a roughly hewn altar of Beogh.
 27950 | Orc:2    | Found Sitem's General Store.
 27964 | Orc:2    | Received a gift from Trog
 27986 | Orc:2    | Found Lyqih's Gadget Boutique.
 28522 | Orc:2    | Bought a scroll of teleportation for 45 gold pieces
 28522 | Orc:2    | Bought a scroll of teleportation for 45 gold pieces
 28522 | Orc:2    | Bought 6 silver javelins for 216 gold pieces
 28960 | Elf:1    | Entered Level 1 of the Elven Halls
 28980 | Elf:1    | Found a radiant altar of Vehumet.
 29031 | Elf:1    | Reached skill level 10 in Throwing
 29117 | Elf:1    | Received a gift from Trog
 29506 | Elf:1    | Received a gift from Trog
 29571 | Elf:1    | Found a runed translucent gate.
 29571 | Elf:1    | Found a runed translucent gate.
 29571 | Elf:1    | Found a runed translucent gate.
 29571 | Elf:1    | Found a runed translucent gate.
 29571 | Elf:1    | Found a runed translucent gate.
 29572 | Elf:1    | Found a runed translucent gate.
 29588 | Elf:1    | Identified the amulet "Iloeni" {Reflect rF+ Int-2 Dex+3
                  | SH+5} (You found it on level 6 of the Lair of Beasts)
 29654 | Elf:1    | Found a large runed translucent door.
 29654 | Elf:1    | Found a large runed translucent door.
 29659 | Elf:1    | Noticed Aroozuypt's ghost (adept KoEn)
 29742 | Elf:1    | Killed Aroozuypt's ghost
 29973 | Elf:2    | Identified the +5 quick blade of the Vanishing Brambles
                  | {antimagic, Dex+5}
 29973 | Elf:2    | Identified the cursed +2 rapier of Upheaval {vorpal, rElec
                  | Str+2}
 29973 | Elf:2    | Noticed a deep elf blademaster
 29978 | Elf:2    | Identified the +10 rapier "Ifeaso" {antimagic, Int-4 Dex+4
                  | Stlth+}
 29978 | Elf:2    | Identified the +9 rapier of Watchfulness {antimagic, *Slow
                  | rElec rN+}
 29978 | Elf:2    | Noticed a deep elf blademaster
 29979 | Elf:2    | Found a bloodstained altar of Trog.
 29979 | Elf:2    | Noticed a deep elf master archer
 29979 | Elf:2    | Noticed Zixta's ghost (adept GnWn)
 29980 | Elf:2    | Found a transporter.
 29980 | Elf:2    | Identified the +5 longbow "Doigyon" {flame, rN+}
 29980 | Elf:2    | Noticed a deep elf master archer
 29980 | Elf:2    | Noticed a deep elf master archer
 29980 | Elf:2    | Noticed a deep elf master archer
 30024 | Elf:2    | Found Maiwaq's Magic Scroll Shop.
 30035 | Elf:2    | Bought a scroll of identify for 34 gold pieces
 30391 | Elf:2    | Found a runed translucent gate.
 30391 | Elf:2    | Found a runed translucent gate.
 30391 | Elf:2    | Found a runed translucent gate.
 30407 | Elf:2    | Found a transporter.
 30480 | Elf:2    | Received a gift from Trog
 30675 | Elf:2    | Reached XP level 18. HP: 135/137 MP: 9/18
 31134 | Elf:3    | Entered Level 3 of the Elven Halls
 31540 | Elf:3    | Received a gift from Trog
 32162 | Elf:3    | Noticed a deep elf blademaster
 32165 | Elf:3    | Identified the ring of Wonder {*Corrode rElec rC+ rN+
                  | Str+3}
 32178 | Elf:3    | Killed a deep elf blademaster
 32199 | Elf:3    | Noticed a deep elf blademaster
 32219 | Elf:3    | Killed a deep elf blademaster
 32221 | Elf:3    | Noticed a Brimstone Fiend
 32350 | Elf:3    | Identified the ring of Suicidal Tendencies {*Corrode rF+
                  | Str+2 Int+2 Stlth-}
 32361 | Elf:3    | Identified the ring "Kununisily" {Fire Str+4}
 32361 | Elf:3    | Noticed a deep elf master archer
 32379 | Elf:3    | Killed a deep elf master archer
 32585 | Elf:3    | Noticed a Hell Sentinel
 32590 | Elf:3    | Reached skill level 15 in Dodging
 32625 | Elf:3    | Noticed a Hell Sentinel
 32818 | Elf:3    | Noticed an Ice Fiend
 32821 | Elf:3    | Reached XP level 19. HP: 145/145 MP: 9/19
 33039 | Elf:3    | Cast into level 3 of the Abyss (a deep elf demonologist)
 33072 | Elf:3    | Escaped the Abyss
 33077 | Elf:3    | Noticed a Tzitzimitl
 33101 | Elf:3    | Received a gift from Trog
 33240 | Elf:3    | Identified Wuocypn's Papyrus of the Gliding Oath
 33249 | Elf:3    | Identified the Reference Book on Bewitchment and Cold
 33591 | Swamp:1  | Entered Level 1 of the Swamp
 33661 | Swamp:1  | Noticed Frances
 33683 | Swamp:1  | Killed Frances
 34810 | Swamp:2  | Received a gift from Trog
 35148 | Swamp:3  | Noticed Jorgrun
 35158 | Swamp:3  | Killed Jorgrun
 35502 | Swamp:4  | Entered Level 4 of the Swamp
 35673 | Swamp:4  | Noticed the 27-headed Lernaean hydra
 35970 | Swamp:4  | Killed the 27-headed Lernaean hydra
 36299 | Swamp:4  | Acquired the ring of Juytat {rF++ rC+ Str+6}
 36328 | Swamp:4  | Got a decaying rune of Zot
 36533 | Swamp:4  | Received a gift from Trog
 36802 | Spider:1 | Entered Level 1 of the Spider Nest
 36808 | Spider:1 | Reached XP level 20. HP: 154/154 MP: 9/20
 37376 | Spider:2 | Noticed Arachne
 37385 | Spider:2 | Killed Arachne
 37999 | Spider:2 | Received a gift from Trog
 38027 | Spider:2 | Noticed Nikola
 38036 | Spider:2 | Killed Nikola
 39138 | Spider:3 | Received a gift from Trog
 39495 | Spider:4 | Entered Level 4 of the Spider Nest
 39495 | Spider:4 | Noticed Asterion
 39508 | Spider:4 | Killed Asterion
 39513 | Spider:4 | Noticed Aizul
 39533 | Spider:4 | Killed Aizul
 39704 | Spider:4 | Found a runed translucent door.
 39704 | Spider:4 | Noticed Nuqinleag's ghost (adept GrEE)
 39789 | Spider:4 | Received a gift from Trog
 39790 | Spider:4 | Found the +14 obsidian axe {vorpal, +Fly SInv *Curse}
 40090 | Spider:4 | Reached XP level 21. HP: 125/162 MP: 2/21
 40426 | Spider:4 | Got a gossamer rune of Zot
 40886 | Spider:4 | Killed Nuqinleag's ghost
 41390 | Vaults:1 | Entered Level 1 of the Vaults
 41434 | Vaults:1 | Received a gift from Trog
 41575 | Vaults:1 | Identified the +4 hand axe of the Rattlesnake {flame,
                  | Will+}
 42617 | Vaults:1 | Received a gift from Trog
 43128 | Vaults:2 | Noticed Boris
 43144 | Vaults:2 | Killed Boris
 43657 | Vaults:2 | Reached XP level 22. HP: 171/171 MP: 10/22
 43683 | Vaults:2 | Received a gift from Trog
 43918 | Vaults:2 | Found a staircase to the Crypt.
 44271 | Vaults:2 | Found a runed translucent gate.
 44271 | Vaults:2 | Found a runed translucent gate.
 44271 | Vaults:2 | Found a runed translucent gate.
 44271 | Vaults:2 | Found an ancient bone altar of Kikubaaqudgha.
 44271 | Vaults:2 | Noticed an ancient lich
 44271 | Vaults:2 | Noticed an ancient lich
 44272 | Vaults:2 | Noticed an ancient lich
 44272 | Vaults:2 | Noticed TPoD's ghost (adept HOMo)
 44526 | Vaults:2 | Killed an ancient lich
 44555 | Vaults:2 | Killed an ancient lich
 44565 | Vaults:2 | Killed an ancient lich
 44583 | Vaults:2 | Killed TPoD's ghost
 44590 | Vaults:2 | Identified the amulet of the Jumping Madman {Acrobat rN++
                  | MP+9} (You found it on level 2 of the Vaults)
 45061 | Vaults:3 | Received a gift from Trog
 45243 | Vaults:3 | Acquired an uncursed ring of willpower
 45375 | Vaults:3 | Identified the +6 scythe "Dilean" {vorpal, *Rage Str+8
                  | Dex+4 Stlth-}
 45658 | Vaults:3 | Found a transporter.
 45893 | Vaults:3 | Cast into level 3 of the Abyss (a wizard)
 46195 | Abyss:3  | Received a gift from Trog
 46257 | Vaults:3 | Escaped the Abyss
 46501 | Vaults:3 | Found a transporter.
 46501 | Vaults:3 | Found a runed translucent door.
 46501 | Vaults:3 | Found a bloodstained altar of Trog.
 46502 | Vaults:3 | Found the +8 Wrath of Trog {antimagic, *Rage}
 46546 | Vaults:3 | Reached XP level 23. HP: 167/179 MP: 10/23
 47549 | Vaults:4 | Received a gift from Trog
 48717 | D:15     | Received a gift from Trog
 48744 | D:15     | Noticed grothendieck's ghost (adept GrFi)
 48987 | D:15     | Found a staircase to the Depths.
 49199 | D:15     | Found a runed translucent door.
 49313 | D:15     | Found Tiraosoi's Antique Weapon Shoppe.
 49321 | D:15     | Bought an iridescent quick blade for 540 gold pieces
 49325 | D:15     | Identified the +7 quick blade "Esi Bioz" {freeze, Str-4
                  | Dex+3 SInv} (You bought it in a shop on level 15 of the
                  | Dungeon)
 49646 | D:15     | Killed grothendieck's ghost
 49706 | Depths:1 | Entered Level 1 of the Depths
 49958 | Depths:1 | Reached XP level 24. HP: 124/189 MP: 10/23
 50408 | Depths:1 | Found a gateway to Hell.
 51180 | Depths:2 | Received a gift from Trog
 51925 | Depths:2 | Found a gateway to a ziggurat.
 52891 | Depths:2 | Identified the +10 lajatang "Giantslayer" {vamp, rC+} (You
                  | found it on level 2 of the Depths)
 53222 | Depths:3 | Received a gift from Trog
 53478 | Depths:3 | Paralysed by a floating eye for 4 turns
 53851 | Depths:3 | Received a gift from Trog
 54109 | Depths:3 | Found a one-way gate leading to the halls of Pandemonium.
 54243 | Depths:3 | Noticed a caustic shrike
 54467 | Depths:3 | Reached XP level 25. HP: 180/197 MP: 10/23
 55056 | Depths:3 | Received a gift from Trog
 56248 | Depths:4 | Acquired a manual of Invocations
 56380 | Depths:4 | Found Giud Forph's Book Emporium.
 56438 | Depths:4 | Found Onipn's Antique Armour Emporium.
 56451 | Depths:4 | Found Rasawodd's Distillery.
 56456 | Depths:4 | Bought a potion of curing for 57 gold pieces
 56456 | Depths:4 | Bought a potion of heal wounds for 95 gold pieces
 56456 | Depths:4 | Bought a potion of curing for 57 gold pieces
 56456 | Depths:4 | Bought a potion of heal wounds for 95 gold pieces
 56456 | Depths:4 | Bought a potion of mutation for 152 gold pieces
 56456 | Depths:4 | Bought a potion of cancellation for 152 gold pieces
 56544 | Depths:4 | Found a one-way gate to the infinite horrors of the Abyss.
 56550 | Depths:4 | Found a flickering gateway to a bazaar.
 56559 | Bazaar   | Entered a bazaar
 56564 | Bazaar   | Found Miecona's Distillery.
 56572 | Bazaar   | Bought 2 potions of heal wounds for 90 gold pieces
 56572 | Bazaar   | Bought a potion of curing for 27 gold pieces
 56572 | Bazaar   | Bought a potion of resistance for 90 gold pieces
 56572 | Bazaar   | Bought a potion of mutation for 72 gold pieces
 56572 | Bazaar   | Bought a potion of might for 36 gold pieces
 56576 | Bazaar   | Found Zouw's Distillery.
 56584 | Bazaar   | Bought a potion of mutation for 104 gold pieces
 56584 | Bazaar   | Bought a potion of resistance for 130 gold pieces
 56584 | Bazaar   | Bought a potion of haste for 130 gold pieces
 56584 | Bazaar   | Bought 2 potions of mutation for 208 gold pieces
 56584 | Bazaar   | Bought a potion of heal wounds for 65 gold pieces
 56606 | Bazaar   | Found Kiukhlou's Magic Scroll Boutique.
 56612 | Bazaar   | Found Poitacyto's Weapon Emporium.
 56614 | Bazaar   | Bought a scroll of blinking for 82 gold pieces
 56662 | Bazaar   | Bought a potion of might for 52 gold pieces
 56775 | Depths:4 | Found Rus Peuss's Antique Armour Shoppe.
 57064 | Depths:4 | Received a gift from Trog
 57373 | Depths:4 | Identified the Disquisition on Fire
 57376 | Depths:4 | Identified the Catalogue of Weightlessness
 57628 | Depths:5 | Entered Level 5 of the Depths
 57990 | Depths:5 | Reached XP level 26. HP: 199/206 MP: 10/23
 58045 | Depths:5 | Noticed Mennas
 58195 | Depths:5 | Received a gift from Trog
 58568 | Depths:5 | Found a gate to the Realm of Zot.
 58833 | Depths:5 | Killed Mennas
 59537 | Vaults:5 | Entered Level 5 of the Vaults
 59889 | Vaults:4 | Received a gift from Trog
 60390 | Vaults:5 | Received a gift from Trog
 60423 | Vaults:5 | Reached XP level 27. HP: 214/214 MP: 10/23
 60424 | Vaults:5 | Identified the ring of Bug Hyig {+Blink rPois rF+ Stlth+}
                  | (You found it on level 5 of the Vaults)
 60481 | Vaults:5 | Got a silver rune of Zot
 60638 | Vaults:5 | Identified the Grimoire of the Destructive Compass
 61095 | Vaults:5 | Noticed an ancient lich
 61118 | Vaults:5 | Killed an ancient lich
 61340 | Vaults:5 | Received a gift from Trog
 62234 | Zot:1    | Entered Level 1 of the Realm of Zot
 62523 | Zot:1    | Noticed an orb of fire
 62544 | Zot:1    | Killed an orb of fire
 62972 | Zot:1    | You fall into a shaft and drop 1 floor!
 63883 | Zot:3    | Received a gift from Trog
 64979 | Zot:3    | Found the +4 dragonskin cloak
 64979 | Zot:3    | Noticed Tiamat
 64993 | Zot:3    | Received a gift from Trog
 65036 | Zot:3    | Killed Tiamat
 65468 | Zot:3    | Noticed an orb of fire
 65491 | Zot:3    | Gained mutation: You are clumsy. (Dex -2) [an orb of fire]
 65500 | Zot:3    | Lost mutation: You are clumsy. (Dex -2) [potion of
                  | mutation]
 65500 | Zot:3    | Gained mutation: Scrolls take you a little longer to read.
                  | [potion of mutation]
 65500 | Zot:3    | Gained mutation: You are partially covered in large bone
                  | plates. (SH +4) [potion of mutation]
 65500 | Zot:3    | Gained mutation: You are partially covered in rugged brown
                  | scales. (AC +1, +3% HP) [potion of mutation]
 65501 | Zot:3    | Lost mutation: You are partially covered in large bone
                  | plates. (SH +4) [potion of mutation]
 65501 | Zot:3    | Lost mutation: Scrolls take you a little longer to read.
                  | [potion of mutation]
 65501 | Zot:3    | Gained mutation: You expend magic power (3 MP) to
                  | strengthen your wands. [potion of mutation]
 65501 | Zot:3    | Gained mutation: You are frail. (-10% HP) [potion of
                  | mutation]
 65501 | Zot:3    | Gained mutation: One of your tentacles bears a spike.
                  | [potion of mutation]
 65501 | Zot:3    | Gained mutation: Your muscles are strong. (Str +2) [potion
                  | of mutation]
 65502 | Zot:3    | Lost mutation: One of your tentacles bears a spike. [potion
                  | of mutation]
 65502 | Zot:3    | Lost mutation: Your muscles are strong. (Str +2) [potion of
                  | mutation]
 65502 | Zot:3    | Lost mutation: You expend magic power (3 MP) to strengthen
                  | your wands. [potion of mutation]
 65502 | Zot:3    | Gained mutation: You are partially covered in icy blue
                  | scales. (AC +2) [potion of mutation]
 65502 | Zot:3    | Gained mutation: You have a pair of small antennae on your
                  | head. [potion of mutation]
 65503 | Zot:3    | Lost mutation: You are frail. (-10% HP) [potion of
                  | mutation]
 65503 | Zot:3    | Lost mutation: You have a pair of small antennae on your
                  | head. [potion of mutation]
 65503 | Zot:3    | Lost mutation: You are partially covered in icy blue
                  | scales. (AC +2) [potion of mutation]
 65503 | Zot:3    | Lost mutation: You are partially covered in rugged brown
                  | scales. (AC +1, +3% HP) [potion of mutation]
 65503 | Zot:3    | Gained mutation: Your spells are a little harder to cast,
                  | but a little more powerful. [potion of mutation]
 65503 | Zot:3    | Gained mutation: You are covered in fur. (AC +1) [potion of
                  | mutation]
 65503 | Zot:3    | Gained mutation: Your flesh is cold resistant. (rC+)
                  | [potion of mutation]
 65741 | Zot:3    | Reached skill level 27 in Shields
 65844 | Zot:3    | Killed an orb of fire
 66266 | Zot:5    | Entered Level 5 of the Realm of Zot
 66446 | Zot:4    | Received a gift from Trog
 66477 | Zot:4    | Noticed an ancient lich
 66870 | Zot:4    | Noticed a juggernaut
 66870 | Zot:4    | a Killer Klown changed into a juggernaut
 66881 | Zot:4    | Killed a juggernaut
 67216 | Zot:4    | Killed an ancient lich
 67620 | Zot:4    | Noticed an orb of fire
 67849 | Zot:5    | Identified the amulet "Fuck" {Regen+ Dex+3 Slay-3} (You
                  | found it on level 5 of the Realm of Zot)
 67892 | Zot:5    | Received a gift from Trog
 67935 | Zot:4    | Reached skill level 27 in Fighting
 68112 | Zot:5    | Noticed an orb of fire
 68151 | Zot:4    | Killed an orb of fire
 68198 | Zot:5    | Noticed an ancient lich
 68213 | Zot:5    | Noticed an ancient lich
 68223 | Zot:5    | Killed an ancient lich
 68232 | Zot:5    | Killed an ancient lich
 70365 | Zot:5    | Noticed an orb of fire
 70388 | Zot:5    | Killed an orb of fire
 70457 | Zot:5    | Noticed an orb of fire
 70478 | Zot:5    | Killed an orb of fire
 70782 | Zot:5    | Reached skill level 15 in Throwing
 70852 | Zot:5    | Noticed an orb of fire
 70864 | Zot:5    | Gained mutation: You are frail. (-10% HP) [an orb of fire]
 70871 | Zot:5    | Killed an orb of fire
 70872 | Zot:5    | Reached skill level 15 in Short Blades
 70898 | Zot:5    | Reached skill level 27 in Dodging
 71319 | Zot:5    | Got the Orb of Zot
 72098 | D:$      | Escaped with the Orb!

Illustrated notes

Levels and vault maps discovered:
D:1:      mrwooster_arrival_statue_3, layout_basic, serial_glass,
          glass_columns_a, glass_columns_a
D:2:      layout_basic, gammafunk_temple_overflow_elements
D:3:      layout_loops_ring, uniq_terence
D:4:      layout_cave_pools, lemuel_crystal_altar, general_overflow_altar,
          trog_book
D:5:      layout_loops_ring, evilmike_ruin_ashenzari, cheibrodos_worm_habitat,
          minmay_diced_spiral
D:6:      layout_basic, minmay_temple_entry_large_hall, basic_altar
D:7:      minmay_skewed_foursquare, layout_loops_cross, serial_shops, shop,
          uniq_prince_ribbit1, uniq_joseph
D:8:      layout_basic, gammafunk_ghost_nasty_kobolds,
          kennysheep_generic_room_9, uniq_pikel
D:9:      layout_irregular_city, old_standard_altar, lair_entry_dummy,
          kennysheep_orc_monster_closet_entryway,
          minmay_guarded_unrand_staff_of_olgreb
D:10:     kennysheep_orc_sif_temple, layout_gridville, enter_bailey_2
D:11:     layout_loops_ring
D:12:     minmay_sliced_demisemicircle, layout_irregular_city,
          gauntlet_entry_generic, portal_ice_cave_entry_ice_beasts, st_stairs_8,
          eino_house_with_fridge, uniq_erolcha
D:13:     layout_gridville, bh_hangedman_babel_library
D:14:     kennysheep_spiral_hall, layout_loops_ring, david_vaults_5,
          uniq_rupert, uniq_josephine
D:15:     grunt_enter_depths_magical_seal, layout_long_grid,
          hellmonk_ghost_happy_afterlife, roderic_roman_lattice, serial_shops,
          shop, dpeg_stationary_puzzle
Lair:1:   dpeg_oklob_gauntlet, layout_regular_city, lemuel_fruit_fields,
          grunt_megastairs_5, uniq_gastronok, uniq_fannar
Lair:2:   minmay_lair_venomous_thicket, layout_cave_pods,
          palyth_hydra_swamp_entry, spider_nest_entry_funnel_web,
          grunt_forest_large_clearing_hut
Lair:3:   layout_hall_layers, serial_bayou_shore_b
Lair:4:   layout_cave_pods, st_stairs_4, chequers_serial_rivers_micro_a,
          bh_autumn_forest_stairs, beast_lair_carwin_8, uniq_urug
Lair:5:   layout_hall_layers, basic_altar
Lair:6:   grunt_lair_end_beastmaster, layout_regular_city,
          minmay_slime_entry_pillars, st_stairs_12, serial_bayou_pond_b,
          guppyfry_lair_drakes, minmay_lair_oklob_chamber, serial_bayou_shore_a
Swamp:1:  layout_basic_swamp, evilmike_swamp_ruin_house_5, uniq_frances
Swamp:2:  layout_basic_swamp, evilmike_swamp_ruin_house_6,
          hangedman_swamp_phenomena
Swamp:3:  layout_falls_marsh, evilmike_swamp_ruin_house_2, uniq_jorgrun
Swamp:4:  swamp_old_school, layout_basic_swamp, hangedman_swamp_lotus,
          swamp_pool1, nzn_swamp_dancing_lights
Spider:1: layout_spider_delve
Spider:2: layout_spider_delve, uniq_nikola, uniq_arachne
Spider:3: layout_spider_delve
Spider:4: floodkiller_spider_rune_tomb, ebering_ghost_inner_flame,
          nicolae_crawler_farm, uniq_aizul, uniq_asterion
Orc:1:    layout_caves, gammafunk_ghost_grave, kennysheep_orc_chapel,
          uniq_nergalle
Orc:2:    st_orc_town, layout_diamond_mine
Elf:1:    eino_elf_arrival_altar, layout_geoelf_octagon,
          ebering_ghost_disaster_area, orc_legates
Elf:2:    layout_onion_city, gammafunk_ghost_wrathful_warriors, serial_shops,
          shop
Elf:3:    elf_hall, layout_loops_ring, grunt_megastairs_4
Vaults:1: kb_rosetta, hangedman_vaults_locks, v_alt_pattern_2,
          hangedman_vaults_cutoff, grunt_vaults_funnel, v_misc_22,
          dpeg_vaults_monster_box, hangedman_vaults_trim, layout_vaults_omnigrid
Vaults:2: gammafunk_vaults_ghost_crypt, minmay_crypt_entry_skeletal_spiral,
          grunt_vaults_hallway_long, nicolae_vaults_diagonal_hallway_9,
          v_rooms_2, hangedman_vaults_stream, nicolae_vaults_alarming,
          vaults_dpeg_hooks, dpeg_vaults_monster_row,
          nicolae_vaults_diagonal_hallway_9, v_misc_33,
          vaults_mumra_chevron_long, grunt_vaults_twisty,
          nicolae_vaults_little_squares_4, vaults_room_semicircle,
          layout_vaults_omnibox, uniq_boris
Vaults:3: emtedronai_trogs_sanctum, nicolae_vaults_big_ls, v_misc_11, v_misc_31,
          nicolae_vaults_inception_corners, ontoclasm_vaults_loading_screen,
          v_misc_18, grunt_vaults_hallway_short, vaults_room_fancy_cross,
          v_misc_14, vaults_room_large_hall, grunt_vaults_bifocal, v_misc_30,
          layout_vaults_maze
Vaults:4: vaults_mumra_minichess, ontoclasm_vaults_chip, ontoclasm_vaults_idyll,
          nicolae_vaults_little_ls, v_pattern_5, nicolae_vaults_ninety_degrees,
          v_misc_29, nicolae_vaults_diagonal_hallway_8,
          hangedman_vaults_stitches, grunt_vaults_hallway_long,
          layout_vaults_omnicross
Vaults:5
Depths:1: layout_cave_pools, hell_entry, roderic_serpentine_path,
          minmay_metal_thing
Depths:2: nzn_winding_woodlands_three_and_one
          [nzn_winding_woodlands_5x15_jagged,
          nzn_winding_woodlands_5x15_default,
          nzn_winding_woodlands_5x15_split_checker,
          nzn_winding_woodlands_center_lodge], layout_basic, enter_ziggurat_a,
          kennysheep_small_spiral, grunt_hell_entry_dis_grunt
Depths:3: grunt_bent_corner, layout_cave_pools, rand_demon_pan_entry_7,
          grunt_mini_vestibule
Depths:4: mu_elemental_laboratory, layout_cave_shapes, serial_shops,
          bzr_firewalk, shop, kennysheep_little_box, shop, shop_statue,
          minmay_misc_feat_hallway, hangedman_geh_valley, abyss_entry
Depths:5: grunt_zot_entry_hairpin, layout_gridlike, hell_entry,
          skrybe_limestone_x, chequers_decorated_corner, uniq_mennas
Zot:1:    layout_misc_corridors, hangedman_hellfire_club
Zot:2:    layout_gridville
Zot:3:    layout_misc_corridors, zot_minivault_7, uniq_tiamat
Zot:4:    ebering_klown_carousel, layout_onion, nrook_zot_tub,
          grunt_megastairs_3
Zot:5:    layout_misc_corridors

Skill      XL: |  1  2  3  4  5  6  7  8  9 10 11 12 13 14 15 16 17 18 19 20 21 22 23 24 25 26 27 |
---------------+----------------------------------------------------------------------------------+-----
Short Blades   | 4 5 6 7 8 9 11 12 13 14 16 | 16.1
Fighting       | 4 5 6 8 9 11 13 14 15 16 17 18 19 20 21 22 23 24 27 | 27.0
Dodging        | 4 5 6 7 8 10 11 12 13 14 15 16 18 19 20 21 22 27 | 27.0
Stealth        | 1 4 6 8 10 | 10.1
Shields        | 3 4 7 11 15 17 18 19 20 21 23 24 25 27 | 27.0
Throwing       | 4 6 7 9 11 12 13 14 16 | 16.1
Evocations     | 3 5 8 |  8.0

Action                   |  1- 3 |  4- 6 |  7- 9 | 10-12 | 13-15 | 16-18 | 19-21 | 22-24 | 25-27 || total
-------------------------+-------+-------+-------+-------+-------+-------+-------+-------+-------++-------
Melee: Short sword       |    69 |   129 |   236 |   782 |   200 |       |       |       |       ||  1416
       Constrict         |    15 |    33 |    55 |   129 |    99 |   203 |   281 |   187 |   291 ||  1293
       Tentacles         |    12 |    27 |    70 |   190 |   333 |   523 |   894 |  1010 |  1698 ||  4757
       Rapier            |       |       |       |       |   621 |       |       |       |       ||   621
       Quick blade       |       |       |       |       |   237 |  1279 |  1904 |  1979 |  3272 ||  8671
Throw: Dart              |       |       |     5 |    36 |    18 |    36 |    14 |     1 |       ||   110
       Boomerang         |       |       |       |       |    22 |       |       |     2 |    40 ||    64
       Javelin           |       |       |       |       |       |     5 |       |       |     9 ||    14
Invok: Berserk           |       |     2 |     3 |     3 |     4 |     1 |     2 |       |     5 ||    20
       Trog's Hand       |       |       |     1 |     1 |     5 |     1 |     5 |     4 |    30 ||    47
       Brothers in Arms  |       |       |       |       |       |       |       |     1 |     2 ||     3
Evoke: Wand              |       |       |       |     7 |       |       |       |     6 |     9 ||    22
       Condenser vane    |       |       |       |       |       |     2 |       |     1 |     3 ||     6
       Phantom mirror    |       |       |       |       |       |       |     1 |       |       ||     1
       Phial of floods   |       |       |       |       |       |       |     1 |       |       ||     1
  Use: Scroll            |     2 |     5 |     3 |     8 |    13 |    23 |     7 |    11 |    17 ||    89
       Potion            |       |     2 |       |       |     1 |     1 |     1 |     6 |    28 ||    39
 Stab: Sleeping          |    12 |     5 |    15 |    41 |    39 |    46 |    51 |    54 |    45 ||   308
       Distracted        |       |     1 |       |     3 |     6 |     7 |    17 |     7 |    19 ||    60
       Petrifying        |       |       |       |       |       |     1 |       |       |       ||     1
       Held in net/web   |       |       |       |       |       |       |     4 |       |       ||     4
       Invisible         |       |       |       |       |       |       |       |       |     3 ||     3
Armor: Skin              |     9 |    10 |     7 |    19 |    32 |    13 |    15 |     4 |    11 ||   120
Dodge: Dodged            |    37 |    83 |   149 |   348 |   441 |   245 |   521 |   373 |   944 ||  3141
Block: Buckler           |       |       |     3 |   148 |   246 |     1 |       |       |       ||   398
       Kite shield       |       |       |       |       |       |   408 |  1138 |  1017 |  1864 ||  4427
       Reflection        |       |       |       |       |       |    36 |    42 |    72 |    53 ||   203
